 Dungeon Crawl Stone Soup version 0.30.1-11-g7821555f0a (webtiles) character file.

Game seed: 16895733261117912893

875 Tauromancer the Cleaver (level 7, -16/59 HPs)
             Began as a Minotaur Fighter on Jan 5, 2024.
             Was a Follower of Okawaru.
             Demolished by turdburglar's ghost (17 damage)
             ... on level 3 of the Dungeon.
             The game lasted 00:10:36 (3485 turns).

Tauromancer the Cleaver (Minotaur Fighter)          Turns: 3485, Time: 00:10:37

Health: -16/59     AC:  8    Str: 23    XL:     7   Next: 74%
Magic:  6/6        EV:  9    Int:  5    God:    Okawaru [*.....]
Gold:   218        SH:  4    Dex:  9    Spells: 6/6 levels left

rFire   . . .        a - +1 war axe
rCold   . . .        c - +0 buckler
rNeg    . . .        b - +0 scale mail
rPois   .            (helmet restricted)
rElec   .            (no cloak)
rCorr   .            o - +0 pair of gloves
SInv    .            (no boots)
Will    .....        (no amulet) Stlth
                     (no ring)
HPRegen 0.29/turn    (no ring)
MPRegen 0.10/turn

%: no passive effects
@: hasted, very quick
A: horns 2, retaliatory headbutt
a: Renounce Religion, Heroism


You were on level 3 of the Dungeon.
You worshipped Okawaru.
Okawaru was aware of your devotion.
You visited 1 branch of the dungeon, and saw 4 of its levels.
You also visited: Sewer.

You collected 218 gold pieces.

Inventory:

Hand Weapons
 a - a +1 war axe (weapon)
Armour
 b - a +0 scale mail (worn)
 c - a +0 buckler (worn)
 o - a +0 pair of gloves (worn)
Wands
 r - a wand of iceblast (6)
Scrolls
 d - a scroll of enchant armour {unknown}
 g - a scroll of noise {unknown}
 i - 2 scrolls of blinking
 j - 2 scrolls of teleportation {unknown}
 l - 4 scrolls of fear
 n - a scroll of fog {unknown}
 t - a scroll of brand weapon {unknown}
Potions
 h - 2 potions of cancellation {unknown}
 k - 2 potions of brilliance {unknown}
 m - a potion of resistance
 p - a potion of flight {unknown}
 q - a potion of lignification {unknown}
 s - a potion of invisibility {unknown}


   Skills:
 - Level 4.0 Fighting
 + Level 10.4 Axes
 - Level 4.0 Armour
 - Level 4.0 Shields


You had 6 spell levels left.
You didn't know any spells.
Your spell library contained the following spells:

 Spells                   Type           Power      Damage    Failure   Level
 Slow                     Hex            0%         N/A       85%         1
 Blink                    Tloc           0%         N/A       94%         2
 Lesser Beckoning         Tloc           0%         N/A       94%         2
 Momentum Strike          Conj/Tloc      0%         3d8       94%         2
 Confusing Touch          Hex            0%         N/A       99%         3
 Vampiric Draining        Necr           0%         2d6       99%         3


Dungeon Overview and Level Annotations

Branches:
Dungeon (4/15)              Sewer (visited)
 Temple: D:4-7

Altars:
Cheibriados
Okawaru
Sif Muna
Wu Jian
Zin
The Shining One

Annotations:
D:3 turdburglar's ghost, amateur HOFi


Innate Abilities, Weirdness & Mutations

You have a pair of horns on your head.
You reflexively headbutt those who attack you in melee.


Message History

The orc hits you with a +0 trident! The orc barely misses you.
There is an open translucent gate, spattered with blood here.
Items here: )) [[ †.
You completely miss the orc. You headbutt the orc!
You kill the orc!
You barely miss the orc. You barely miss the orc.
You headbutt the orc, but do no damage. You barely miss turdburglar's ghost.
The orc hits you with a +0 whip.
Turdburglar's ghost hits you but does no damage.
You are electrocuted!
You hit the orc. You headbutt the orc.
The orc is heavily wounded.
You hit turdburglar's ghost but do no damage.
You block the orc's attack. Turdburglar's ghost hits you.
You closely miss the orc.
The orc is heavily wounded.
You hit turdburglar's ghost but do no damage.
The orc hits you with a +0 whip. Turdburglar's ghost hits you.
You are electrocuted!!
* * * LOW HITPOINT WARNING * * *
You feel much better. The orc hits you but does no damage.
You block turdburglar's ghost's attack.
The orc throws a boomerang of dispersal.
The boomerang of dispersal hits you but does no damage.
You barely miss turdburglar's ghost. Turdburglar's ghost hits you.
You slash turdburglar's ghost!
Turdburglar's ghost is moderately damaged.
Turdburglar's ghost boasts, "I have defeated monsters you have never seen."
Turdburglar's ghost hits you!
You hit turdburglar's ghost but do no damage.
Turdburglar's ghost is moderately damaged.
You hit the orc.
You kill the orc!
Okawaru accepts your kill. Turdburglar's ghost hits you!
* * * LOW HITPOINT WARNING * * *
You feel yourself speed up. Turdburglar's ghost hits you!
* * * LOW HITPOINT WARNING * * *
You are electrocuted!
You die...

##.#....#8.....#..#
♣.♣.♣...#..##..#..#
........#..8#..#..#
♣#♣.♣...#..##..#..#
....#####....#.#..#
..♣.♣# #[...#.'..##
.....####_.8.#.))..#
...#.##.#[..o#)Wo..#
>.##.#..#....#o#@..#
...#...##..##..#...#
......##*.)8#..#...#
.....## *..##..#...#
...#..# #8.....#...#
.####.##########8..#
P.# #..##.# ###.#
..# ##.##.# #...#
P## #.##.# ##.###


You could see turdburglar's ghost and 2 orcs.

Vanquished Creatures
  Sigmund (D:4)
  A black bear (D:4)
  Pargi (Sewer)
  2 orc priests (D:4)
  3 hounds (D:4)
  A gnoll bouda (D:4)
  Ijyb (D:4)
  3 iguanas (D:4)
  Natasha (D:4)
  3 orc wizards
  4 adders
  3 gnolls (D:4)
  5 dart slugs
  3 worms
  9 orcs
  5 ball pythons
  7 endoplasms
  5 giant cockroaches
  4 goblins
  3 hobgoblins
  8 kobolds
  2 quokkas
  4 bats
  2 frilled lizards (D:1)
  5 rats
86 creatures vanquished.

Notes
Turn   | Place    | Note
-------+----------+-------------------------------------------
     0 | D:1      | Tauromancer the Minotaur Fighter began the quest for the
                  | Orb.
     0 | D:1      | Reached XP level 1. HP: 19/19 MP: 0/0
   127 | D:1      | Reached XP level 2. HP: 27/27 MP: 1/1
   761 | D:2      | Reached skill level 3 in Axes
   816 | D:2      | Reached XP level 3. HP: 33/33 MP: 2/2
  1133 | D:3      | Reached skill level 4 in Axes
  1290 | D:3      | Reached XP level 4. HP: 35/40 MP: 3/3
  1649 | D:3      | Found a snail-covered altar of Cheibriados.
  1719 | D:3      | Found a runed translucent gate.
  1719 | D:3      | Noticed turdburglar's ghost (amateur HOFi)
  1719 | D:3      | Identified the +0 hand axe of Patience {vamp, Dex+3}
  1719 | D:3      | Identified the +4 chain mail "Cianih" {rF- rC+++ Will+++
                  | Slay-3}
  1720 | D:3      | Found a runed translucent gate.
  1721 | D:3      | Found a runed translucent gate.
  1958 | D:4      | Reached skill level 5 in Axes
  1985 | D:4      | Found a glowing drain.
  2007 | Sewer    | Entered a sewer
  2113 | Sewer    | Noticed Pargi
  2122 | Sewer    | Killed Pargi
  2123 | Sewer    | Reached skill level 6 in Axes
  2123 | Sewer    | Reached XP level 5. HP: 31/46 MP: 4/4
  2395 | D:4      | Found a glowing golden altar of the Shining One.
  2403 | D:4      | Found a shimmering blue altar of Sif Muna.
  2406 | D:4      | Found a glowing silver altar of Zin.
  2410 | D:4      | Found an ornate altar of the Wu Jian Council.
  2417 | D:4      | Found an iron altar of Okawaru.
  2423 | D:4      | Reached skill level 7 in Axes
  2427 | D:4      | Reached XP level 6. HP: 44/52 MP: 5/5
  2469 | D:4      | Reached skill level 8 in Axes
  2609 | D:4      | Became a worshipper of Warmaster Okawaru
  2649 | D:4      | Noticed Natasha
  2662 | D:4      | Reached XP level 7. HP: 29/59 MP: 6/6
  2704 | D:4      | Killed Natasha
  2712 | D:4      | Reached skill level 9 in Axes
  2916 | D:4      | Noticed Sigmund
  2922 | D:4      | Killed Sigmund
  2922 | D:4      | Reached * piety under Okawaru
  3284 | D:4      | Noticed Ijyb
  3287 | D:4      | Reached skill level 10 in Axes
  3292 | D:4      | Killed Ijyb
  3485 | D:3      | HP: 1/59 [turdburglar's ghost (9)]
  3485 | D:3      | Demolished by turdburglar's ghost

Illustrated notes

Levels and vault maps discovered:
D:1:      beargit_arrival_greenhouse, layout_loops_ring
D:2:      layout_rooms
D:3:      layout_rooms, general_overflow_altar, serial_forest,
          infiniplex_forest_clump_small, infiniplex_forest_join,
          infiniplex_forest_fountain, infiniplex_forest_fountain,
          infiniplex_forest_straight_2, infiniplex_forest_clump_double,
          infiniplex_forest_straight_2, infiniplex_forest_lined_corner,
          biasface_ghost_orc_armoury, minmay_misc_feat_plants
D:4:      layout_loops_ring, nicolae_overflow_hallway_of_the_gods,
          cheibrodos_sewer_entry_bend, amethyst_killhole, uniq_natasha,
          uniq_ijyb, uniq_sigmund

Skill      XL: |  1  2  3  4  5  6  7 |
---------------+----------------------+-----
Shields        | 4 |  4.0
Fighting       | 4 |  4.0
Armour         | 4 |  4.0
Axes           | 3 4 6 7 8 10 | 10.4

Action                     |  1- 3 |  4- 6 |  7- 9 || total
---------------------------+-------+-------+-------++-------
  Melee: War axe           |    77 |    89 |    61 ||   227
         Headbutt          |    10 |     8 |     7 ||    25
    Use: Scroll            |     5 |       |     1 ||     6
         Potion            |       |     2 |     4 ||     6
 Armour: Scale mail        |    27 |    51 |    20 ||    98
  Dodge: Dodged            |    20 |    32 |    24 ||    76
  Block: Buckler           |    13 |    25 |    14 ||    52
